[ AOE2 MATCH · #505108076 ]
UnrankedKoreans vs Tatars
Player's team · LOSS
Rival team · WIN
[ REPLAY ANALYSIS · EXTRACTED FROM THE RECORDED GAME ]
Feudal
9:16
Castle
—
Imperial
—
| APM avg | 45.4 |
| APM peak | 85 |
| eAPM avg | 19.4 |
| Villagers / military | 55 / 24 |
Focus
⚔️ 44.0% · 🌾 56.0%
Archer ×13 · Spearman ×10 · Skirmisher ×1
Feudal
11:21
Castle
15:00
Imperial
—
| APM avg | 51.1 |
| APM peak | 88 |
| eAPM avg | 22.5 |
| Villagers / military | 33 / 21 |
Focus
⚔️ 22.4% · 🌾 77.6%
Keshik ×21
Match map
Initial resources + every placement click. Lines = walls · curves = elevation contours. ◆ gold · ⬟ stone · ● berries · ✦ relic · ◌ wall gap
Your base· Open — unwalled flank
Tom Tucker's base· Open — unwalled flank
Smoothed initial terrain · ◌ = detected wall gap · hover for details
Inputs per minute
— ask - - Tom Tucker
Build order — ask
First 150 of 153 actions detected
| 0:00 | Create | Villager (Male) |
| 0:01 | Create | Villager (Male) |
| 0:01 | Create | Villager (Male) |
| 0:01 | Create | Villager (Male) |
| 0:03 | Build | House |
| 0:05 | Build | House |
| 1:28 | Create | Villager (Male) |
| 1:28 | Create | Villager (Male) |
| 1:41 | Create | Villager (Male) |
| 1:41 | Create | Villager (Male) |
| 2:11 | Create | Villager (Male) |
| 2:11 | Create | Villager (Male) |
| 2:37 | Build | Lumber Camp |
| 2:43 | Create | Villager (Male) |
| 2:43 | Create | Villager (Male) |
| 3:02 | Create | Villager (Male) |
| 3:02 | Create | Villager (Male) |
| 3:32 | Create | Villager (Male) |
| 3:32 | Create | Villager (Male) |
| 3:52 | Build | House |
| 3:56 | Create | Villager (Male) |
| 3:56 | Create | Villager (Male) |
| 4:13 | Create | Villager (Male) |
| 4:34 | Create | Villager (Male) |
| 4:52 | Build | Mill |
| 4:59 | Create | Villager (Male) |
| 5:41 | Create | Villager (Male) |
| 5:49 | Create | Villager (Male) |
| 6:00 | Research | Loom |
| 6:27 | Create | Villager (Male) |
| 6:43 | Build | House |
| 7:01 | Research | Feudal Age |
| 7:01 | Research | Feudal Age |
| 7:32 | Build | Barracks |
| 8:10 | Build | House |
| 9:16 | Age | Feudal Age |
| 9:17 | Create | Villager (Male) |
| 9:22 | Build | Archery Range |
| 9:32 | Create | Villager (Male) |
| 9:57 | Build | Mining Camp |
| 10:03 | Create | Villager (Male) |
| 10:07 | Build | Watch Tower |
| 10:09 | Create | Archer |
| 10:11 | Create | Spearman |
| 10:11 | Create | Spearman |
| 10:16 | Research | Double-Bit Axe |
| 10:16 | Research | Double-Bit Axe |
| 10:18 | Create | Villager (Male) |
| 10:20 | Build | House |
| 10:49 | Create | Villager (Male) |
| 10:51 | Create | Archer |
| 11:05 | Build | Blacksmith |
| 11:06 | Build | House |
| 11:10 | Build | Farm |
| 11:23 | Build | Watch Tower |
| 11:34 | Create | Villager (Male) |
| 11:54 | Create | Archer |
| 12:01 | Create | Villager (Male) |
| 12:01 | Create | Villager (Male) |
| 12:05 | Build | Farm |
| 12:22 | Build | Palisade Wall |
| 12:26 | Build | House |
| 12:46 | Create | Skirmisher |
| 12:58 | Research | Fletching |
| 12:58 | Research | Fletching |
| 12:59 | Create | Villager (Male) |
| 13:13 | Create | Archer |
| 13:13 | Create | Archer |
| 13:29 | Create | Villager (Male) |
| 13:33 | Build | Mining Camp |
| 13:34 | Create | Villager (Male) |
| 13:37 | Build | Farm |
| 13:38 | Build | Farm |
| 13:38 | Create | Archer |
| 13:39 | Create | Archer |
| 14:01 | Build | House |
| 14:01 | Create | Villager (Male) |
| 14:32 | Create | Villager (Male) |
| 14:33 | Create | Archer |
| 14:38 | Build | Farm |
| 14:46 | Build | House |
| 14:48 | Build | Palisade Wall |
| 14:58 | Create | Villager (Male) |
| 14:59 | Create | Archer |
| 15:20 | Create | Villager (Male) |
| 15:41 | Build | Watch Tower |
| 15:51 | Create | Villager (Male) |
| 15:52 | Create | Archer |
| 16:27 | Build | Mining Camp |
| 16:36 | Create | Villager (Male) |
| 16:40 | Build | Farm |
| 16:42 | Build | Farm |
| 16:57 | Create | Villager (Male) |
| 17:08 | Create | Villager (Male) |
| 17:17 | Create | Archer |
| 17:17 | Create | Archer |
| 17:18 | Create | Spearman |
| 17:19 | Create | Spearman |
| 17:20 | Build | House |
| 17:31 | Build | Watch Tower |
| 17:36 | Create | Villager (Male) |
| 17:48 | Create | Spearman |
| 17:49 | Create | Archer |
| 17:50 | Create | Villager (Male) |
| 17:52 | Build | House |
| 18:11 | Build | Stone Wall |
| 18:13 | Build | Stone Wall |
| 18:20 | Create | Villager (Male) |
| 18:24 | Build | Stone Wall |
| 18:33 | Build | House |
| 18:36 | Build | Stone Wall |
| 18:38 | Build | House |
| 18:39 | Build | House |
| 18:41 | Build | Stone Wall |
| 18:42 | Create | Villager (Male) |
| 19:15 | Create | Spearman |
| 19:15 | Create | Spearman |
| 19:25 | Build | Watch Tower |
| 19:40 | Build | Farm |
| 19:56 | Create | Villager (Male) |
| 20:00 | Build | Farm |
| 20:16 | Build | Watch Tower |
| 20:23 | Create | Villager (Male) |
| 20:25 | Build | Farm |
| 20:29 | Build | Farm |
| 20:42 | Build | Watch Tower |
| 20:45 | Create | Villager (Male) |
| 20:52 | Build | Farm |
| 21:47 | Create | Villager (Male) |
| 22:09 | Build | Stone Wall |
| 22:10 | Create | Villager (Male) |
| 22:13 | Build | Farm |
| 22:21 | Build | Watch Tower |
| 22:31 | Build | Farm |
| 22:34 | Build | Farm |
| 22:36 | Build | Farm |
| 22:37 | Build | Farm |
| 22:37 | Create | Villager (Male) |
| 22:46 | Create | Spearman |
| 22:46 | Create | Spearman |
| 22:48 | Create | Spearman |
| 22:52 | Build | Stone Wall |
| 22:54 | Build | Stone Wall |
| 22:56 | Build | Stone Wall |
| 22:58 | Build | Stone Wall |
| 23:00 | Build | Stone Wall |
| 23:02 | Build | Stone Wall |
| 23:05 | Build | Stone Wall |
| 23:11 | Build | Stone Wall |
| 23:19 | Create | Villager (Male) |
Build order — Tom Tucker
104 actions detected in the replay
| 0:01 | Create | Villager (Male) |
| 0:01 | Create | Villager (Male) |
| 0:02 | Build | House |
| 0:04 | Build | House |
| 0:22 | Create | Villager (Male) |
| 0:25 | Create | Villager (Male) |
| 0:25 | Create | Villager (Male) |
| 1:28 | Create | Villager (Male) |
| 1:29 | Create | Villager (Male) |
| 1:44 | Build | Lumber Camp |
| 1:48 | Build | Lumber Camp |
| 1:51 | Create | Villager (Male) |
| 1:51 | Create | Villager (Male) |
| 2:23 | Create | Villager (Male) |
| 2:24 | Create | Villager (Male) |
| 2:51 | Create | Villager (Male) |
| 3:20 | Create | Villager (Male) |
| 3:21 | Create | Villager (Male) |
| 3:26 | Build | House |
| 3:27 | Build | House |
| 4:06 | Create | Villager (Male) |
| 4:20 | Build | Mill |
| 4:22 | Create | Villager (Male) |
| 4:29 | Create | Villager (Male) |
| 4:30 | Create | Villager (Male) |
| 4:45 | Create | Villager (Male) |
| 5:41 | Create | Villager (Male) |
| 6:05 | Create | Villager (Male) |
| 6:14 | Create | Villager (Male) |
| 6:21 | Build | Palisade Wall |
| 6:24 | Build | Palisade Wall |
| 6:26 | Build | Palisade Wall |
| 6:50 | Create | Villager (Male) |
| 7:09 | Create | Villager (Male) |
| 7:19 | Build | Mining Camp |
| 7:36 | Build | House |
| 7:55 | Create | Villager (Male) |
| 7:58 | Research | Loom |
| 7:59 | Create | Villager (Male) |
| 8:10 | Build | Palisade Wall |
| 8:56 | Build | Palisade Wall |
| 9:02 | Research | Feudal Age |
| 9:55 | Build | Palisade Wall |
| 10:16 | Build | Palisade Wall |
| 10:55 | Create | Villager (Male) |
| 10:55 | Create | Villager (Male) |
| 11:21 | Age | Feudal Age |
| 11:24 | Build | Market |
| 11:26 | Build | Blacksmith |
| 12:20 | Research | Castle Age |
| 12:21 | Research | Castle Age |
| 12:24 | Build | House |
| 12:33 | Build | Stone Wall |
| 13:48 | Create | Villager (Male) |
| 14:01 | Research | Double-Bit Axe |
| 14:13 | Build | Mining Camp |
| 14:52 | Build | House |
| 14:56 | Build | House |
| 15:00 | Age | Castle Age |
| 15:20 | Create | Villager (Male) |
| 15:51 | Build | Castle |
| 16:02 | Build | Lumber Camp |
| 16:04 | Create | Villager (Male) |
| 16:51 | Create | Keshik |
| 16:52 | Create | Keshik |
| 16:56 | Build | Farm |
| 16:56 | Build | Farm |
| 16:56 | Build | Farm |
| 17:02 | Build | Farm |
| 17:09 | Create | Villager (Male) |
| 17:13 | Create | Keshik |
| 17:40 | Build | Farm |
| 17:45 | Build | Farm |
| 17:56 | Create | Keshik |
| 17:57 | Create | Villager (Male) |
| 18:14 | Create | Keshik |
| 18:15 | Create | Keshik |
| 18:34 | Build | Farm |
| 18:44 | Create | Keshik |
| 19:22 | Research | Scale Barding Armor |
| 19:32 | Create | Keshik |
| 19:32 | Create | Keshik |
| 19:35 | Build | Farm |
| 19:36 | Build | Farm |
| 19:43 | Create | Keshik |
| 20:25 | Create | Keshik |
| 20:26 | Create | Keshik |
| 20:29 | Create | Keshik |
| 20:55 | Create | Keshik |
| 21:20 | Create | Keshik |
| 21:45 | Create | Keshik |
| 21:46 | Create | Keshik |
| 22:39 | Create | Keshik |
| 23:17 | Create | Keshik |
| 23:39 | Build | Farm |
| 23:40 | Build | Farm |
| 23:40 | Build | Farm |
| 23:40 | Build | Farm |
| 23:40 | Build | Farm |
| 23:40 | Build | Farm |
| 23:41 | Build | Farm |
| 23:42 | Build | Farm |
| 23:44 | Create | Keshik |
| 23:44 | Create | Keshik |
Match timeline
| 6:21 | Tom Tucker · wall_segment Palisade Wall x1 |
| 6:24 | Tom Tucker · wall_segment Palisade Wall x1 |
| 6:26 | Tom Tucker · wall_segment Palisade Wall x9 |
| 7:32 | ask · first_building Barracks |
| 8:10 | Tom Tucker · wall_segment Palisade Wall x9 |
| 8:56 | Tom Tucker · wall_segment Palisade Wall x9 |
| 9:16 | ask · age_up feudal |
| 9:22 | ask · first_building Archery Range |
| 9:55 | Tom Tucker · wall_segment Palisade Wall x4 |
| 10:16 | Tom Tucker · wall_segment Palisade Wall x2 |
| 11:21 | Tom Tucker · age_up feudal |
| 12:19 | Tom Tucker · first_market_sell 100 stone |
| 12:22 | ask · wall_segment Palisade Wall x2 |
| 12:33 | Tom Tucker · wall_segment Stone Wall x6 |
| 14:48 | ask · wall_segment Palisade Wall x3 |
| 15:00 | Tom Tucker · age_up castle |
| 15:41 | Tom Tucker · first_market_buy 100 stone |
| 15:51 | Tom Tucker · first_building Castle |
| 18:11 | ask · wall_segment Stone Wall x3 |
| 18:13 | ask · wall_segment Stone Wall x2 |
| 18:24 | ask · wall_segment Stone Wall x2 |
| 18:36 | ask · wall_segment Stone Wall x1 |
| 18:41 | ask · wall_segment Stone Wall x1 |
| 22:09 | ask · wall_segment Stone Wall x1 |
| 22:52 | ask · wall_segment Stone Wall x1 |
| 22:54 | ask · wall_segment Stone Wall x1 |
| 22:56 | ask · wall_segment Stone Wall x1 |
| 22:58 | ask · wall_segment Stone Wall x1 |
| 23:00 | ask · wall_segment Stone Wall x1 |
| 23:02 | ask · wall_segment Stone Wall x1 |
| 23:05 | ask · wall_segment Stone Wall x1 |
| 23:11 | ask · wall_segment Stone Wall x1 |
| 23:54 | ask · resign |
[ AI ANALYSIS · 1 CREDIT ]
What really happened in this match?
Wolo.gg analyzes every decision: build order, eco, micro, common mistakes by bracket. Personalized analysis on WhatsApp or Discord in 30 seconds.
Civ guide
Koreans
Perfil
Jugador #4450310